 Dungeon Crawl Stone Soup version 0.21-a0-265-gb353147 (console) character file.

5172 removed the Fighter (level 10, 43/88 HPs)
             Began as a Demigod Venom Mage on Sept 10, 2017.
             Quit the game on level 10 of the Dungeon.
             The game lasted 00:22:14 (11099 turns).

removed the Fighter (Demigod Venom Mage)           Turns: 11099, Time: 00:22:14

Health: 43/88      AC:  4    Str: 11    XL:     10   Next: 12%
Magic:  21/21      EV: 17    Int: 25    God:
Gold:   370        SH:  0    Dex: 16    Spells: 15/19 levels left

rFire    . . .     SeeInvis .   a - +4 dire flail (protect)
rCold    . . .     Gourm    .   (shield currently unavailable)
rNeg     . . .     Faith    .   d - +0 robe
rPois    .         Spirit   .   z - +0 helmet
rElec    .         Reflect  .   (no cloak)
rCorr    .         Harm     .   (no gloves)
MR       +....                  y - +0 pair of boots
Stlth    ++........             (no amulet)
HPRegen  0.24/turn              (no ring)
MPRegen  0.17/turn              (no ring)

@: no status effects
A: high mp 1
a: no special abilities


You were on level 10 of the Dungeon.
You were not hungry.

You visited 1 branch of the dungeon, and saw 11 of its levels.

You collected 370 gold pieces.

Inventory:

Hand Weapons
 a - a +4 dire flail of protection (weapon)
 b - a +1 whip of venom
 h - a +0 short sword
 t - a +0 quarterstaff
 K - a +2 flail of draining
 Q - a +0 blowgun
 V - a +0 falchion of flaming
Armour
 d - a +0 robe (worn)
 y - a +0 pair of boots (worn)
 z - a +0 helmet (worn)
Wands
 M - a wand of random effects (42/48)
Scrolls
 g - a scroll of enchant weapon {unknown}
 l - 2 scrolls of noise {unknown}
 o - 2 scrolls of recharging
 p - 5 scrolls of remove curse
 r - a scroll of magic mapping
 w - 3 scrolls of teleportation {unknown}
 B - a scroll of enchant armour {unknown}
 N - a scroll of random uselessness {unknown}
 O - 2 scrolls of fear {unknown}
 R - a scroll of amnesia {unknown}
 S - a scroll of blinking {unknown}
Potions
 i - 5 potions of heal wounds
 n - 2 potions of mutation
 s - a potion of cancellation
 v - 6 potions of curing
 x - a potion of berserk rage
 C - a potion of haste
 F - a potion of flight
 H - a potion of brilliance {unknown}
 L - a potion of lignification
Books
 I - a Young Poisoner's Handbook

   Spells                             Type                      Level
   a - Sting                          Conjuration/Poison           1
   b - Poisonous Vapours              Poison/Air                   2
   c - Mephitic Cloud                 Conjuration/Poison/Air       3
   d - Olgreb's Toxic Radiance        Poison                       4
   e - Venom Bolt                     Conjuration/Poison           5
Comestibles
 c - 5 bread rations
 m - 3 meat rations
 q - 22 fruits
 T - 5 royal jellies


   Skills:
 - Level 8.1 Fighting
 - Level 7.5 Dodging
 - Level 1.7 Stealth
 + Level 5.2 Spellcasting
 - Level 6.3 Conjurations
 - Level 4.0 Poison Magic


You had 15 spell levels left.
You knew the following spells:

 Your Spells              Type           Power        Failure   Level  Hunger
a - Sting                 Conj/Pois      ####         1%          1    None
m - Mephitic Cloud        Conj/Pois/Air  ###.....     6%          3    #......


Dungeon Overview and Level Annotations

Branches:
Dungeon (11/15)               Orc (0/2) D:10
 Temple: D:4-7         Lair: D:8-11

Annotations:
D:3 removed's ghost, weakling DgVM
D:4 Slowdrip's ghost, amateur HaGl
D:6 exclusion: wight
D:11 Snorg


Innate Abilities, Weirdness & Mutations

You have an increased reservoir of magic. (+10% MP)


Message History

The bullfrog hits you but does no damage.
The centaur shoots an arrow.
The arrow hits you!
Found a stone staircase leading up.
You see here an arrow.
The bullfrog barely misses you. The bullfrog closely misses you.
Found a scroll labeled AWUDIE BAUDGHEI.
The hound closely misses you. x2
Snorg the Insatiable comes into view.
The bullfrog hits you.
Found 9 gold pieces.
There is an escape hatch in the ceiling, spattered with blood here.
The hound closely misses you.
The bullfrog hits you but does no damage.
The hound completely misses you. A mysterious force pulls you upwards.
The hatch slams shut behind you.
Found 29 gold pieces.
Found a staircase to the Orcish Mines.
You see here 12 gold pieces.
Press: ? - help, v - describe, . - travel A staircase to the Orcish Mines.
Are you sure you want to abandon this character and quit the game? (Confirm with "yes".)

######
#≈≈≈.#
#≈≈@F#
#≈>$h+
#≈≈$.#
#≈≈≈.#
######


You could see a bullfrog and a hound.

Vanquished Creatures
  A hydra (D:8)
  Grinder (D:6)
  2 dream sheep (D:8)
  Sigmund (D:4)
  2 yaks (D:8)
  Edmund (D:5)
  Duvessa (D:6)
  A black bear (D:8)
  An orc warrior (D:8)
  2 ice beasts (D:5)
  2 sky beasts
  A centaur (D:5)
  8 ogres
  5 bullfrogs
  3 big kobolds (D:8)
  Dowan (D:6)
  3 scorpions
  8 killer bees (D:8)
  4 crimson imps
  2 hounds
  3 orc priests
  A centaur skeleton (D:4)
  4 iguanas
  A bullfrog skeleton (D:5)
  5 orc wizards
  5 worker ants
  A howler monkey zombie (D:6)
  2 hound skeletons
  8 gnolls
  9 adders
  A worm (D:3)
  2 dart slugs
  5 leopard geckos
  38 orcs
  4 bats
  6 giant cockroaches
  4 goblins
  9 hobgoblins
  3 jackals (D:3)
  13 kobolds
  5 quokkas
  3 ball pythons (D:3)
  A ball python zombie (D:4)
  4 frilled lizards
  A quokka skeleton (D:6)
  9 rats
197 creatures vanquished.

Vanquished Creatures (others)
  4 plants (D:8)
4 creatures vanquished.

Grand Total: 201 creatures vanquished

Notes
Turn   | Place    | Note
-------+----------+-------------------------------------------
     0 | D:1      | removed the Demigod Venom Mage began the quest for the Orb.
     0 | D:1      | Reached XP level 1. HP: 14/14 MP: 5/5
     6 | D:1      | Reached skill level 1 in Conjurations
   293 | D:1      | Reached XP level 2. HP: 19/20 MP: 0/7
   956 | D:1      | Reached XP level 3. HP: 26/26 MP: 6/8
  1454 | D:2      | Found a blossoming altar of Fedhas.
  1719 | D:2      | Learned a level 3 spell: Mephitic Cloud
  2058 | D:2      | Reached XP level 4. HP: 33/33 MP: 4/9
  2802 | D:3      | Noticed removed's ghost (weakling DgVM)
  3079 | D:3      | Reached XP level 5. HP: 38/38 MP: 4/10
  4116 | D:4      | Noticed Slowdrip's ghost (amateur HaGl)
  4267 | D:4      | Noticed an ogre
  4277 | D:4      | Killed an ogre
  4277 | D:4      | Reached skill level 5 in Conjurations
  4277 | D:4      | Reached XP level 6. HP: 45/45 MP: 2/11
  4475 | D:4      | Noticed Sigmund
  4492 | D:4      | Killed Sigmund
  4732 | D:4      | Reached XP level 7. HP: 41/50 MP: 6/13
  5154 | D:4      | Reached skill level 1 in Fighting
  5623 | D:5      | Entered Level 5 of the Dungeon
  5633 | D:5      | Reached skill level 2 in Fighting
  5935 | D:5      | Reached skill level 3 in Fighting
  6001 | D:5      | Found a burning altar of Makhleb.
  6165 | D:5      | Noticed Edmund
  6183 | D:5      | Killed Edmund
  6447 | D:5      | Noticed an Executioner
  6450 | D:5      | Noticed a ynoxinul
  6450 | D:5      | Noticed a hellwing
  6485 | D:6      | Noticed Grinder
  6507 | D:5      | Reached XP level 8. HP: 17/64 MP: 15/15
  6761 | D:6      | Reached skill level 4 in Fighting
  6969 | D:5      | Reached skill level 5 in Fighting
  7182 | D:6      | Noticed Dowan
  7458 | D:6      | Reached skill level 5 in Dodging
  7987 | D:6      | Noticed Duvessa
  8020 | D:6      | Killed Duvessa
  8036 | D:6      | Killed Dowan
  8310 | D:6      | Paralysed by Grinder for 7 turns
  8326 | D:6      | Killed Grinder
  8448 | D:7      | Reached XP level 9. HP: 61/75 MP: 15/19
  8635 | D:7      | Reached skill level 5 in Spellcasting
  8937 | D:7      | Reached skill level 6 in Fighting
 10238 | D:8      | Reached skill level 7 in Fighting
 10634 | D:8      | Noticed a two-headed hydra
 10644 | D:8      | Reached skill level 8 in Fighting
 10909 | D:8      | Killed a one-headed hydra
 10909 | D:8      | Reached XP level 10. HP: 88/88 MP: 21/21
 11090 | D:9      | You fall through a shaft for 2 floors!
 11096 | D:11     | Noticed Snorg
 11098 | D:10     | Entered Level 10 of the Dungeon
 11098 | D:10     | Found a staircase to the Orcish Mines.
 11099 | D:10     | Quit the game

Vault maps used:
D:1:      dpeg_arrival_tiny_c, kennysheep_nondescript
D:2:      fedhas_altar_1
D:4:      first_bread, solitary_fountain, corexii_leaking_fountain,
          eino_small_chamber_without_monster, minmay_misc_feat_x, uniq_sigmund
D:5:      minmay_temple_entry_from_below_b, serial_bayou, serial_bayou_ford_a,
          serial_bayou_crossing, serial_bayou_shore_b, serial_bayou_lake_a,
          makhleb_altar_promises_db, uniq_edmund
D:6:      kennysheep_decorative_pillar, uniq_grinder, uniq_duvessa
D:8:      hangedman_ranch
D:9:      dpeg_lair_monsters, minivault_26
D:10:     david_orc_4, uniq_josephine
D:11:     minmay_separated_statues, portal_ice_cave_demonic_guard,
          uniq_nergalle, uniq_snorg

Skill      XL: |  1  2  3  4  5  6  7  8  9 |
---------------+----------------------------+-----
Conjurations   | 2 3 5 6 |  6.3
Poison Magic   | 3 4 |  4.0
Spellcasting   | 2 3 4 5 |  5.2
Fighting       | 3 5 8 |  8.1
Dodging        | 3 5 7 |  7.5
Stealth        | |  1.7

Action                   |  1- 3 |  4- 6 |  7- 9 | 10-12 || total
-------------------------+-------+-------+-------+-------++-------
Melee: Short sword       |     2 |       |       |       ||     2
       Whip              |     8 |    29 |    44 |       ||    81
       Dire flail        |       |       |   173 |       ||   173
       Falchion          |       |       |     2 |       ||     2
 Cast: Sting             |   110 |   114 |   284 |       ||   508
       Mephitic Cloud    |       |     2 |    15 |       ||    17
Evoke: Wand              |       |       |     6 |       ||     6
  Use: Potion            |       |     1 |       |       ||     1
       Scroll            |       |       |     9 |     2 ||    11
 Stab: Confused          |       |       |     6 |       ||     6
  Eat: Chunk             |     5 |    10 |    16 |       ||    31
       Bread ration      |       |       |     1 |       ||     1
Armor: Robe              |     6 |    20 |    75 |     3 ||   104
Dodge: Dodged            |    23 |    28 |   230 |     7 ||   288

Table legend:
 A = Spawn XP
 B = Non-spawn XP
 C = Spawn XP percentage of total XP
 D = Spawn monster count
 E = Non-spawn monster count
 F = Spawn count percentage of total count
 G = Total turns spent on level
                    A         B        C        D         E        F      G
               +---------+---------+-------+---------+---------+-------+---------
         Total |       0 |    7389 |   0.0 |       0 |     197 |   0.0 | 11099
               +---------+---------+-------+---------+---------+-------+---------
           D:1 |       0 |      56 |   0.0 |       0 |      27 |   0.0 |  1314
           D:2 |       0 |     118 |   0.0 |       0 |      16 |   0.0 |  1494
           D:3 |       0 |      84 |   0.0 |       0 |      31 |   0.0 |  1410
           D:4 |       0 |     866 |   0.0 |       0 |      23 |   0.0 |  1405
           D:5 |       0 |     935 |   0.0 |       0 |      15 |   0.0 |  1436
           D:6 |       0 |    1201 |   0.0 |       0 |      28 |   0.0 |  1364
           D:7 |       0 |     939 |   0.0 |       0 |      20 |   0.0 |  1206
           D:8 |       0 |    3190 |   0.0 |       0 |      37 |   0.0 |  1439
               +---------+---------+-------+---------+---------+-------+---------
